cohdb
Replays
Latest Replays
All Replays
Popular Replays
Top Player Replays
Match Explorer
How It Works
Community
CoH3 Stats
Reddit
Sign in to upload your games and track your stats! →
Sign in with Steam
Match 44808841
Unlisted
Match 44808841
Overview
Messages
Build Orders
End
Construct Infanterie Kompanie
Kettenkrad Recon Vehicle
Selects Luftwaffe Battlegroup
Selects Luftwaffe Pioneer Support
MG 42 Machine Gun Team
GrW 34 Mortar Team
Sniper
MG 42 Machine Gun Team
Selects Stuka Strafing Run
Selects Flak 38 Anti-Air Emplacement
Fallschirmpioneer Squad Paradrop
Construct Luftwaffe Kompanie
Jäger Squad
Medical Station
Support Elements
Selects Flak 36 Anti-tank Gun Emplacement
Side Skirts
Selects Stuka Strafing Run
Stuka Strafing Run
Wirbelwind Flakpanzer
Selects Fallschirmjäger Squad Paradrop
AssInspection
ItsMeAgain
MAKattack
DCrzy
admiral_gnar
DannyboyWPG
0
0
Comments
sign in to comment!
No comments posted yet!